 Dungeon Crawl Stone Soup version 0.17-a0-1575-g9a29ec8 (webtiles) character file.

4251 urechis the Geomancer (level 10, -9/58 HPs)
             Began as a Gargoyle Earth Elementalist on July 26, 2015.
             Was a Priest of Vehumet.
             Shot with a bolt by an orc warrior (18 damage)
             ... in a bailey.
             The game lasted 00:28:58 (7607 turns).

urechis the Geomancer (Gargoyle Earth Elementalist) Turns: 7607, Time: 00:28:59

Health: -9/58      AC: 18    Str: 12    XL:     10   Next: 31%
Magic:  13/16      EV: 12    Int: 19    God:    Vehumet [***...]
Gold:   578        SH:  0    Dex: 10    Spells: 5 memorised, 1 level left

rFire  . . .     SeeInvis .     a - 173 stones
rCold  . . .     Clarity  .     F - +2 leather armour {MR+}
rNeg   + . .     SustAt   .     (no shield)
rPois  ∞         Gourm    .     K - +2 hat
rElec  +         Spirit   .     w - +0 cloak
rCorr  .         Warding  .     r - +0 pair of gloves
rMut   .         Stasis   .     A - +0 pair of boots
MR     +....                    (no amulet)
Stlth  ++........               (no ring)
                                (no ring)

@: somewhat resistant to hostile enchantments, unstealthy
A: negative energy resistance 1, electricity resistance, unbreathing,
petrification resistance, rot immunity, AC +7
a: Renounce Religion


You were in a bailey.
You worshipped Vehumet.
Vehumet was most pleased with you.
You were not hungry.

You visited 2 branches of the dungeon, and saw 10 of its levels.
You also visited: Bailey.

You collected 578 gold pieces.

Inventory:

Hand weapons
 b - a +3 flail of crushing
 N - a +0 quarterstaff
Missiles
 a - 173 stones (in hand)
Armour
 r - a +0 pair of gloves (worn)
 w - a +0 cloak (worn)
 A - a +0 pair of boots (worn)
 F - a +2 leather armour of magic resistance (worn)
 K - a +2 hat (worn)
 M - a +0 buckler
Jewellery
 O - an uncursed ring of protection from magic {unknown}
Magical devices
 t - a wand of invisibility (4)
 C - a wand of paralysis (9)
Scrolls
 k - a scroll of enchant armour
 l - a scroll of fear {unknown}
 o - 10 scrolls of remove curse
 v - 3 scrolls of teleportation
 y - a scroll of blinking {unknown}
 z - 2 scrolls of fog
 G - a scroll of amnesia {unknown}
 H - a scroll of noise {unknown}
 J - a scroll of torment {unknown}
 L - a scroll of recharging {unknown}
Potions
 e - 3 potions of invisibility
 h - 2 potions of flight {unknown}
 i - a potion of agility {unknown}
 p - a potion of haste
 q - a potion of mutation {unknown}
 s - 2 potions of brilliance {unknown}
 u - 2 potions of poison {unknown}
 x - a potion of curing {unknown}
 B - a potion of resistance {unknown}
 D - a potion of might {unknown}
 E - 2 potions of berserk rage {unknown}
Books
 c - a book of Geomancy

   Spells                             Type                      Level
   a - Sandblast                      Earth                        1
   b - Stoneskin                      Transmutation/Earth          2
   c - Passwall                       Transmutation/Earth          3
   d - Stone Arrow                    Conjuration/Earth            3
   e - Petrify                        Transmutation/Earth          4
   f - Lee's Rapid Deconstruction     Earth                        5
 m - Iskenderun's Grimoire of Confrontation
   (You found it on level 6 of the Dungeon)

   Spells                             Type                      Level
   a - Throw Flame                    Conjuration/Fire             2
   b - Conjure Flame                  Conjuration/Fire             3
   c - Stone Arrow                    Conjuration/Earth            3
   d - Fireball                       Conjuration/Fire             5
Comestibles
 d - 5 bread rations
 f - 4 meat rations
 g - 3 slices of pizza
 j - 4 fruits
 n - 3 beef jerkies
 I - a royal jelly
 P - 8 chunks of flesh


   Skills:
 + Level 4.8 Fighting
 + Level 1.5 Staves
 + Level 4.2 Armour
 + Level 3.7 Dodging
 - Level 2.1 Stealth
 + Level 2.3 Shields
 + Level 4.3 Spellcasting
 - Level 0.7 Transmutations
 * Level 2.8 Fire Magic
 - Level 13.2 Earth Magic


You had one spell level left.
You knew the following spells:

 Your Spells              Type           Power        Failure   Level  Hunger
a - Sandblast             Erth           ######       1%          1    None
b - Stoneskin             Trmt/Erth      ####....     1%          2    #......
c - Lee's Rapid Deconstr  Erth           ######....   1%          5    ######.
d - Passwall              Trmt/Erth      ####......   2%          3    ###....
e - Fireball              Conj/Fire      #.........   86%         5    ######.


Dungeon Overview and Level Annotations

Branches:
Dungeon (9/15)             Temple (1/1) D:5
   Lair: D:8-11         Orc: D:9-12

Altars:
Ashenzari
Cheibriados
Dithmenos
Elyvilon
Fedhas
Gozag
Kikubaaqudgha
Makhleb
Nemelex Xobeh
Okawaru
Ru
Trog
Vehumet
Xom
Yredelemnul
Zin

Shops:
D:6 %

Annotations:
D:8 Noname's ghost, experienced TrEE


Innate Abilities, Weirdness & Mutations

You are resistant to torment.
Your stone body is resilient (AC +7).
You are immune to poison.
You resist negative energy.
You are resistant to electric shocks.
You can survive without breathing.
You are immune to petrification.
You are immune to rotting.


Message History

The rocky blast hits the orc knight.
The orc knight is moderately wounded.
The orc knight hits you but does no damage.
The orc warrior shoots a bolt.
The bolt hits you!
The orc warrior shoots a bolt.
The bolt hits you!
Casting: Sandblast
Confirm with . or Enter, or press ? or * to list all spells.
Aiming: Sandblast
Press: ? - help, Shift-Dir - straight line, f/p - orc knight
Aim: an orc knight, wielding a trident and wearing a chain mail (moderately wounded)
The rocky blast hits the orc knight.
The orc knight is heavily wounded.
The orc knight hits you from afar with a trident!
The orc warrior shoots a bolt.
The bolt barely misses you.
The orc warrior shoots a bolt.
The bolt hits you!
* * * LOW HITPOINT WARNING * * *
The orc shouts!
The orc warrior shouts!
The orc warrior shoots a bolt.
The bolt closely misses you.
The orc warrior shoots a bolt.
The bolt hits you!!
You die...

## #### ##∩##
######
....##...##.....##
≈≈≈..#(..#..≈≈≈..#
≈o≈≈.......≈≈o≈≈.#
oo≈......(≈ooo≈.+
o≈≈.......≈≈o≈≈.#
≈..#(.@#..≈≈≈..#
#.∩.##.....##
##∩## ###### ###


You could see 2 orc knights, 6 orc warriors and an orc.

Vanquished Creatures
  Grinder (D:3)
  4 yaks (D:8)
  Edmund (D:6)
  2 phantoms
  A wasp (D:7)
  A sky beast (D:8)
  3 centaurs
  3 ogres
  4 big kobolds (D:5)
  8 giant frogs
  A gnoll sergeant (D:5)
  2 scorpions
  5 wights (D:7)
  A giant frog zombie (D:7)
  2 jellies
  A quasit (D:8)
  4 crimson imps
  2 orc priests
  A centaur skeleton (D:4)
  3 giant frog skeletons
  5 hounds
  An iguana (D:7)
  6 worker ants
  5 orc wizards
  2 hound skeletons
  2 worker ant zombies
  14 gnolls
  6 adders
  A shadow imp (D:6)
  2 adder zombies
  3 worms
  12 orcs
  2 ball pythons
  9 bats
  A bat skeleton (D:4)
  5 giant cockroaches
  16 goblins
  16 hobgoblins
  8 jackals
  56 kobolds
  3 quokkas
  8 giant geckos
  3 giant newts
  10 rats
246 creatures vanquished.

Notes
Turn   | Place    | Note
--------------------------------------------------------------
     0 | D:1      | urechis the Gargoyle Earth Elementalist began the quest for the Orb.
     0 | D:1      | Reached XP level 1. HP: 10/10 MP: 3/3
   350 | D:1      | Reached skill level 4 in Earth Magic
   414 | D:1      | Reached XP level 2. HP: 7/15 MP: 0/5
   643 | D:1      | Reached skill level 5 in Earth Magic
   643 | D:1      | Reached XP level 3. HP: 19/19 MP: 4/6
  1176 | D:2      | Reached XP level 4. HP: 21/24 MP: 2/7
  1620 | D:3      | Reached skill level 6 in Earth Magic
  1908 | D:3      | Noticed Grinder
  1915 | D:3      | Reached XP level 5. HP: 28/28 MP: 2/8
  1958 | D:3      | Killed Grinder
  1958 | D:3      | Reached skill level 8 in Earth Magic
  1958 | D:3      | Reached XP level 6. HP: 5/32 MP: 0/9
  2363 | D:3      | Found an ancient bone altar of Kikubaaqudgha.
  2579 | D:4      | Reached skill level 9 in Earth Magic
  2580 | D:4      | Reached XP level 7. HP: 31/36 MP: 3/10
  2975 | D:4      | Reached skill level 10 in Earth Magic
  3490 | D:5      | Entered Level 5 of the Dungeon
  3557 | D:5      | Found an iron altar of Okawaru.
  3558 | D:5      | Found a bloodstained altar of Trog.
  3594 | D:5      | Reached XP level 8. HP: 41/41 MP: 2/11
  3733 | D:5      | Reached skill level 11 in Earth Magic
  3932 | D:5      | Found a staircase to the Ecumenical Temple.
  3941 | Temple   | Entered the Ecumenical Temple
  4205 | Temple   | Became a worshipper of Vehumet
  4699 | D:5      | Acquired Vehumet's first power
  4699 | D:5      | Offered knowledge of Freeze by Vehumet.
  4704 | D:5      | Reached skill level 12 in Earth Magic
  5261 | D:5      | Learned a level 2 spell: Stoneskin
  5268 | D:5      | Learned a level 5 spell: Lee's Rapid Deconstruction
  5272 | D:5      | Learned a level 3 spell: Passwall
  5278 | D:6      | Noticed Edmund
  5286 | D:6      | Killed Edmund
  5286 | D:6      | Reached skill level 13 in Earth Magic
  5286 | D:6      | Reached XP level 9. HP: 37/45 MP: 6/12
  5383 | D:6      | Identified Iskenderun's Grimoire of Confrontation
  5420 | D:6      | Reached skill level 1 in Fighting
  5420 | D:6      | Reached skill level 1 in Armour
  5471 | D:6      | Offered knowledge of Throw Frost by Vehumet.
  5532 | D:6      | Found Coroirph's Food Shoppe.
  6088 | D:7      | Offered knowledge of Inner Flame by Vehumet.
  6182 | D:7      | Got an ancient robe
  6193 | D:7      | Identified the +1 robe of Jeonain {rF- MR+ Regen+ rCorr} (You found it on level 7 of the Dungeon)
  6436 | D:7      | Found a burning altar of Makhleb.
  6437 | D:7      | Found a shimmering altar of Xom.
  6556 | D:8      | Acquired Vehumet's second power
  6635 | D:8      | Reached skill level 1 in Shields
  6656 | D:8      | Learned a level 5 spell: Fireball
  6808 | D:8      | Found a white marble altar of Elyvilon.
  6808 | D:8      | Found a glowing silver altar of Zin.
  6809 | D:8      | Noticed Noname's ghost (experienced TrEE)
  6809 | D:8      | Found a sparkling altar of Nemelex Xobeh.
  7193 | D:8      | Found a shadowy altar of Dithmenos.
  7198 | D:8      | Reached skill level 1 in Fire Magic
  7198 | D:8      | Reached XP level 10. HP: 53/57 MP: 13/16
  7237 | D:8      | Reached skill level 1 in Staves
  7548 | D:9      | Offered knowledge of Ignite Poison by Vehumet.
  7583 | D:9      | Found a flagged portal.
  7599 | Bailey   | Entered a bailey
  7599 | Bailey   | Noticed an orc knight
  7600 | Bailey   | Noticed an orc knight
  7607 | Bailey   | Shot with a bolt by an orc warrior

Vault maps used:
D:1:      saegor_arrival_simple_b, st_stairs_11
D:3:      nicolae_overflow_crystal_walls, first_bread, uniq_grinder
D:5:      minmay_goblin_kobold_castle, grunt_temple_overflow_bloody_war,
          minmay_temple_entry_purple_smoke, zaba_anthole
D:6:      serial_shops, shop, uniq_edmund
D:7:      grunt_temple_overflow_champion_of_chaos
D:8:      grunt_dithmenos_smoke_and_mirrors, gammafunk_temple_overflow_claw
D:9:      tso_oasis_becter, gammafunk_temple_overflow_statue, david_orc_4,
          serial_shops, shop_fountains, enter_bailey_3, hangedman_tell_no_tales,
          uniq_erica
Temple:   temple_island_7
Bailey:   bailey_polearm_4, bailey

Action                   |  1- 3 |  4- 6 |  7- 9 | 10-12 || total
-------------------------+-------+-------+-------+-------++-------
 Cast: Sandblast         |    47 |    51 |   253 |    44 ||   395
Evoke: Wand              |       |     1 |       |       ||     1
  Use: Scroll            |       |     1 |     5 |       ||     6
  Eat: Chunk             |     1 |     6 |    11 |     2 ||    20
       Fruit             |       |       |     5 |       ||     5
